 Dungeon Crawl Stone Soup version 0.27.1 (webtiles) character file.

Game seed: 16048884651344570697

1153 H0rd4k the Summoner (level 8, 0/53 HPs)
             Began as a Barachi Summoner on Aug 31, 2021.
             Was a Follower of Qazlal.
             Slain by Pikel (8 damage)
             ... on level 5 of the Dungeon.
             The game lasted 00:22:26 (8798 turns).

H0rd4k the Summoner (Barachi Summoner)              Turns: 8798, Time: 00:22:26

Health: 0/53       AC:  4    Str:  8 (11) XL:     8   Next: 38%
Magic:  3/17       EV: 12    Int: 15 (17) God:    Qazlal [*.....]
Gold:   176        SH:  2    Dex: 11 (12) Spells: 11/19 levels left

rFire    x . .     SeeInvis .   b - staff of cold
rCold    + + .     Faith    .   (no shield)
rNeg     . . .     Spirit   .   a - +0 robe
rPois    .         Reflect  .   t - +2 hat
rElec    .         Harm     .   (no cloak)
rCorr    .         Rampage  .   (no gloves)
Will     .....                  (no boots)
Stlth    ++........             (no amulet)
HPRegen  0.17/turn              d - ring of ice
MPRegen  0.15/turn              (no ring)

@: mighty, unable to hop, attractive, very slightly contaminated, invisible,
slow
A: amphibious, slowness 1, strong legs 1, +LOS
a: Hop, Renounce Religion


You were on level 5 of the Dungeon.
You worshipped Qazlal.
Qazlal was aware of your devotion.
You visited 1 branch of the dungeon, and saw 6 of its levels.

You collected 176 gold pieces.

Inventory:

Hand Weapons
 m - a +1 dagger of venom
 u - a +2 short sword of venom
Missiles
 k - a throwing net
 v - 7 poisoned darts
Armour
 a - a +0 robe (worn)
 t - a +2 hat (worn)
Magical Staves
 b - a staff of cold (weapon)
Jewellery
 d - a ring of ice (left hand)
Wands
 n - a wand of flame (8)
 s - a wand of mindburst (2)
Scrolls
 g - 2 scrolls of magic mapping {unknown}
 h - 6 scrolls of identify {unknown}
 j - a scroll of brand weapon {unknown}
 l - a scroll of noise {unknown}
 o - a scroll of immolation {unknown}
Potions
 c - a potion of berserk rage {unknown}
 p - a potion of might
 q - a potion of degeneration
 r - a potion of resistance {unknown}
 w - a potion of invisibility


   Skills:
 + Level 0.7 Fighting
 + Level 2.2 Dodging
 - Level 1.7 Stealth
 + Level 6.3 Spellcasting
 + Level 9.0 Summonings
 * Level 2.4 Ice Magic
 * Level 2.8 Air Magic
 * Level 1.2 Poison Magic
 + Level 0.6 Evocations


You had 11 spell levels left.
You knew the following spells:

 Your Spells              Type           Power      Damage    Failure   Level
a - Summon Small Mammal   Summ           100%       N/A       1%          1
b - Call Canine Familiar  Summ           31%        N/A       1%          3
c - Summon Lightning Spi  Summ/Air       22%        N/A       12%         4

Your spell library contained the following spells:

 Spells                   Type           Power      Damage    Failure   Level
 Call Imp                 Summ           31%        N/A       1%          2
 Summon Guardian Golem    Hex/Summ       18%        N/A       7%          3
 Poisonous Vapours        Pois/Air       20%        N/A       10%         2
 Static Discharge         Conj/Air       9%         N/A       12%         2
 Gell's Gravitas          Tloc           2%         N/A       41%         3
 Lesser Beckoning         Tloc           2%         N/A       41%         3
 Teleport Other           Tloc           4%         N/A       41%         3
 Dispel Undead            Necr           4%         3d7       82%         4
 Sticky Flame             Conj/Fire      4%         2d3       82%         4
 Simulacrum               Ice/Necr       9%         N/A       100%        6
 Chain Lightning          Conj/Air       4%         3d6       100%        9


Dungeon Overview and Level Annotations

Branches:
Dungeon (6/15)
 Temple: D:4-7

Altars:
Ashenzari
Dithmenos
Fedhas
Gozag
Hepliaklqana
Kikubaaqudgha
Nemelex Xobeh
Qazlal
Sif Muna
Trog
Vehumet
Yredelemnul
Zin
The Shining One

Shops:
D:5 *

Annotations:
D:2 1 runed translucent door, Crazy Yiuf, Robin
D:4 exclusion: downstairs
D:5 Pikel
D:6 exclusion: upstairs


Innate Abilities, Weirdness & Mutations

You are amphibious.
You cover ground slowly.
You can hop short distances.
You have an extended range of vision and can be seen from far away.


Message History

Your hound misses Pikel. Pikel misses your hound.
Your hound barely misses Pikel.
Pikel hits your hound with a +0 whip of flaming!
Pikel burns your hound.
Your hound closely misses Pikel.
Your hound bites Pikel but does no damage.
Pikel hits your hound with a +0 whip of flaming!
Pikel burns your hound.
Your hound closely misses Pikel.
Pikel barely misses your hound.
Your hound closely misses Pikel.
Your hound bites Pikel but does no damage.
Pikel hits your hound with a +0 whip of flaming!
Pikel burns your hound.
Your hound dies!
Your hound's corpse disappears in a puff of smoke!
It was a potion of might.
You feel very mighty all of a sudden.
Pikel says, "Hell isn't that bad."
It was a potion of degeneration.
There was something very wrong with that liquid.
You feel weakened.
You feel dopey.
You feel clumsy.
It was a potion of attraction.
You feel attractive to monsters. Pikel is pulled toward you!
The lemure is pulled toward you!
Pikel hits you with a +0 whip of flaming.
* * * LOW HITPOINT WARNING * * *
Pikel burns you.
* * * LOW HITPOINT WARNING * * *
It was a potion of invisibility.
You fade into invisibility!
Pikel barely misses you.
You are very lightly contaminated with residual magic.
Okay, then.
Okay, then.
The lemure is pulled toward you! The lemure is pulled toward you!
Casting: Call Canine Familiar (safe; 1% risk of failure)
Confirm with . or Enter, or press ? or * to list all spells.
Pikel hits you with a +0 whip of flaming!
You die...

.........5.K.# #.#
####..#.###### #.#
##..>#.# #.# #....5.#
#.# #..#)### #.#
#..#.# #.# #..#.# #.#
#..#.# #########.#
#..#.# #..h.@K5..#
##..#.######.#########
......[)h....#
...########### ####


You could see Pikel (ally target), a lemure and a friendly hound (summoned).

Vanquished Creatures
  An orc warrior (D:5)
  2 sky beasts (D:5)
  A centaur (D:5)
  An ogre (D:5)
  A kobold brigand (D:5)
  A gnoll shaman (D:6)
  2 adders (D:6)
9 creatures vanquished.

Vanquished Creatures (collateral kills)
  Sigmund (D:4)
  A water moccasin (D:5)
  2 ogres (D:5)
  A centaur (D:5)
  2 phantoms
  3 wights (D:6)
  A howler monkey (D:6)
  A bullfrog zombie (D:6)
  An orc priest (D:5)
  A centaur skeleton (D:4)
  2 hounds (D:5)
  5 orc wizards
  Natasha (thrice) (D:3)
  2 iguanas
  12 gnolls
  2 adders
  An adder skeleton (D:4)
  7 dart slugs
  11 orcs
  5 ball pythons
  2 bats
  3 endoplasms
  2 giant cockroaches
  9 goblins
  6 hobgoblins
  5 jackals
  3 quokkas (D:1)
  11 kobolds
  7 rats
112 creatures vanquished.

Vanquished Creatures (others)
  A kobold (D:6)
  A fungus (D:3)
  7 plants (D:3)
9 creatures vanquished.

Grand Total: 130 creatures vanquished

Notes
Turn   | Place    | Note
-------+----------+-------------------------------------------
     0 | D:1      | H0rd4k the Barachi Summoner began the quest for the Orb.
     0 | D:1      | Reached XP level 1. HP: 13/13 MP: 3/3
    59 | D:1      | Found a faded altar of an unknown god.
   114 | D:1      | Reached skill level 5 in Summonings
   464 | D:1      | Reached XP level 2. HP: 19/19 MP: 0/5
  1719 | D:2      | Reached XP level 3. HP: 25/25 MP: 1/7
  1723 | D:2      | Learned a level 3 spell: Call Canine Familiar
  1813 | D:2      | Noticed Robin
  2136 | D:2      | Found a runed translucent door.
  2137 | D:2      | Noticed Crazy Yiuf
  2730 | D:3      | Found a glowing silver altar of Zin.
  3017 | D:3      | Reached XP level 4. HP: 31/31 MP: 1/8
  3218 | D:3      | Noticed Natasha
  3226 | D:3      | Killed Natasha
  3227 | D:3      | Reached skill level 6 in Summonings
  3264 | D:3      | Found a blossoming altar of Fedhas.
  3271 | D:3      | Found a stormy altar of Qazlal.
  3293 | D:3      | Became a worshipper of Qazlal Stormbringer
  3625 | D:3      | Noticed Natasha
  3646 | D:3      | Killed Natasha
  3840 | D:3      | Noticed Natasha
  3849 | D:3      | Killed Natasha
  4121 | D:4      | Reached XP level 5. HP: 35/36 MP: 6/10
  4224 | D:4      | Found a broken altar of Ashenzari.
  4517 | D:4      | Found an ancient bone altar of Kikubaaqudgha.
  4551 | D:4      | Found a radiant altar of Vehumet.
  4565 | D:4      | Found a shimmering blue altar of Sif Muna.
  4666 | D:4      | Found a bloodstained altar of Trog.
  4869 | D:4      | Noticed Sigmund
  4873 | D:4      | Got the Papyrus of Weightlessness and Ice
  4909 | D:4      | Killed Sigmund
  4910 | D:4      | Reached XP level 6. HP: 29/42 MP: 10/12
  5125 | D:5      | Entered Level 5 of the Dungeon
  5136 | D:5      | Found an opulent altar of Gozag.
  5626 | D:5      | Reached skill level 7 in Summonings
  5684 | D:5      | Found a basalt altar of Yredelemnul.
  5685 | D:5      | Found a sparkling altar of Nemelex Xobeh.
  5685 | D:5      | Found a glowing golden altar of the Shining One.
  5692 | D:5      | Found a hazy altar of Hepliaklqana.
  5743 | D:5      | Noticed a water moccasin
  5778 | D:5      | Killed a water moccasin
  5779 | D:5      | Reached skill level 5 in Spellcasting
  5896 | D:5      | Noticed an orc warrior
  5909 | D:5      | Noticed a sky beast
  6055 | D:5      | Killed an orc warrior
  6056 | D:5      | Reached XP level 7. HP: 35/47 MP: 6/15
  6489 | D:5      | Reached skill level 8 in Summonings
  6640 | D:6      | Reached * piety under Qazlal
  7142 | D:5      | Reached skill level 1 in Ice Magic
  7143 | D:5      | Reached skill level 1 in Air Magic
  7275 | D:5      | Reached skill level 1 in Poison Magic
  7275 | D:5      | Reached XP level 8. HP: 53/53 MP: 9/17
  7836 | D:6      | Learned a level 4 spell: Summon Lightning Spire
  8218 | D:5      | Reached skill level 9 in Summonings
  8393 | D:5      | Found a shadowy altar of Dithmenos.
  8451 | D:5      | Found Gozag's Platinum Reserve.
  8748 | D:6      | Noticed Pikel
  8798 | D:5      | Slain by Pikel

Illustrated notes

Levels and vault maps discovered:
D:1:      elethiomel_arrival_quiet, layout_basic,
          ebering_ecumenical_altar_petrified
D:2:      layout_basic, minmay_misc_feat_pillars, uniq_crazy_yiuf_cottage,
          uniq_robin
D:3:      layout_basic, grunt_temple_overflow_forces_of_nature,
          nicolae_overflow_hidden_temple, minmay_cupped, uniq_natasha
D:4:      layout_loops_ring, palyth_temple_overflow_mages,
          lightli_temple_of_fire, nicolae_ashenzari_skybound, uniq_sigmund
D:5:      layout_loops_ring, grunt_dithmenos_smoke,
          nicolae_gozag_zags_fifth_avenue, minitemple, minmay_misc_feat_encased
D:6:      layout_cave_pools, kennysheep_small_circle, uniq_pikel

Skill      XL: |  1  2  3  4  5  6  7  8 |
---------------+-------------------------+-----
Summonings     | 5 6 7 8 9 |  9.0
Spellcasting   | 3 4 5 6 |  6.3
Ice Magic      | 1 2 |  2.4
Air Magic      | 1 2 |  2.8
Poison Magic   | 1 |  1.2
Fighting       | |  0.7
Dodging        | |  2.2
Stealth        | |  1.7
Evocations     | |  0.6

Action                   |  1- 3 |  4- 6 |  7- 9 || total
-------------------------+-------+-------+-------++-------
Melee: Staff             |     6 |     2 |     6 ||    14
 Cast: Summon Small Mamm |    95 |    32 |    35 ||   162
       Call Canine Famil |    10 |    37 |    49 ||    96
       Summon Lightning  |       |       |     3 ||     3
 Abil: Hop               |     2 |     1 |     2 ||     5
Evoke: Wand              |       |     5 |     9 ||    14
  Use: Scroll            |       |     2 |     1 ||     3
       Potion            |       |     1 |     8 ||     9
Armor: Robe              |    14 |    11 |    11 ||    36
Dodge: Dodged            |    37 |    30 |    31 ||    98
Block: Other             |       |       |     4 ||     4
